 Dungeon Crawl Stone Soup version 0.29-a0-477-g62b78b4225 (webtiles) character file.

Game seed: 4997540558878913110

15 frimble the Grasshopper (level 2, -3/26 HPs)
             Began as a Gnoll Warper on May 25, 2022.
             Succumbed to a goblin's poison
             ... on level 1 of the Dungeon.
             The game lasted 00:00:25 (513 turns).

frimble the Grasshopper (Gnoll Warper)               Turns: 513, Time: 00:00:26

Health: -3/26      AC:  4    Str: 10    XL:     2   Next: 50%
Magic:  7/7        EV: 12    Int: 12    God:
Gold:   41         SH:  0    Dex: 11    Spells: 8/10 levels left

rFire   . . .      SeeInvis .     - Unarmed
rCold   . . .      Faith    .   (no shield)
rNeg    . . .      Spirit   .   a - +0 leather armour
rPois   .          Reflect  .   (no helmet)
rElec   .          Harm     .   (no cloak)
rCorr   .          Rampage  .   (no gloves)
Will    .....                   f - +0 pair of boots
Stlth   +.........              (no amulet)
HPRegen 0.08/turn               (no ring)
MPRegen 0.10/turn               (no ring)

@: lethally poisoned (-3 -> -29)
A: fangs 1, strong nose, distributed training
a: no special abilities


You were on level 1 of the Dungeon.
You visited 1 branch of the dungeon, and saw 1 of its levels.

You collected 41 gold pieces.

Inventory:

Missiles
 c - 4 boomerangs of dispersal (quivered)
Armour
 a - a +0 leather armour (worn)
 f - a +0 pair of boots (worn)
Scrolls
 b - a scroll of blinking
 d - 2 scrolls of silence {unknown}
 h - a scroll of magic mapping {unknown}
 i - a scroll of teleportation {unknown}
Potions
 e - 4 potions of heal wounds {unknown}
 g - 3 potions of berserk rage {unknown}


   Skills:
 + Level 4.5 Fighting
 + Level 0.4 Short Blades
 + Level 0.4 Long Blades
 + Level 0.4 Axes
 + Level 0.4 Maces & Flails
 + Level 0.4 Polearms
 + Level 0.4 Staves
 + Level 0.4 Slings
 + Level 0.4 Bows
 + Level 0.4 Crossbows
 + Level 2.5 Throwing
 + Level 2.5 Armour
 + Level 4.5 Dodging
 + Level 0.4 Stealth
 + Level 0.4 Shields
 + Level 4.5 Unarmed Combat
 + Level 4.9 Spellcasting
 + Level 0.2 Conjurations
 + Level 0.2 Hexes
 + Level 0.2 Summonings
 + Level 0.2 Necromancy
 + Level 5.3 Translocations
 + Level 0.2 Transmutations
 + Level 0.2 Fire Magic
 + Level 0.2 Ice Magic
 + Level 0.2 Air Magic
 + Level 0.2 Earth Magic
 + Level 0.2 Poison Magic
 + Level 0.5 Invocations
 + Level 0.4 Evocations


You had 8 spell levels left.
You knew the following spells:

 Your Spells              Type           Power      Damage    Failure   Level
a - Blink                 Tloc           30%        N/A       4%          2

Your spell library contained the following spells:

 Spells                   Type           Power      Damage    Failure   Level
 Gell's Gravitas          Tloc           15%        N/A       9%          3
 Lesser Beckoning         Tloc           15%        N/A       9%          3
 Teleport Other           Tloc           15%        N/A       9%          3
 Conjure Flame            Conj/Fire      3%         6-21      56%         3
 Ignite Poison            Fire/Tmut/Pois 3%         N/A       56%         3
 Manifold Assault         Tloc           15%        N/A       63%         5
 Sticky Flame             Conj/Fire      3%         2d3       93%         4


Dungeon Overview and Level Annotations

Branches:
Dungeon (1/15)

Altars:


Innate Abilities, Weirdness & Mutations

You have very sharp teeth.
Your uncanny sense of smell can sniff out nearby items.
Your experience applies equally to all skills.


Message History

You are too injured to fight recklessly!
You are too injured to fight recklessly!
You are too injured to fight recklessly!
You are too injured to fight recklessly!
You are too injured to fight recklessly!
The hobgoblin attacks as you move away! The hobgoblin hits you.
You feel very sick. The hobgoblin attacks as you move away!
The hobgoblin misses you.
You feel sick.
Things that are here:
a bat corpse; a rat corpse Throw: 7 boomerangs (disperse)
Press: ? - help, Q - select action, (/) - cycle Shift-Dir - straight line, f - goblin
Aim: a goblin, wielding a +0 dagger of venom (51% to hit)
You throw a boomerang of dispersal.
The boomerang of dispersal barely misses the goblin.
The boomerang of dispersal hits the hobgoblin.
The hobgoblin blinks!
You kill the hobgoblin!
You feel sick.
The goblin hits you with a +0 dagger of venom.
You are lethally poisoned!
The goblin hits you but does no damage.
Throw: 6 boomerangs (disperse)
Press: ? - help, Q - select action, (/) - cycle Shift-Dir - straight line, f/p - goblin
Aim: a goblin, wielding a +0 dagger of venom (51% to hit)
You throw a boomerang of dispersal.
The boomerang of dispersal closely misses the goblin.
* * * LOW HITPOINT WARNING * * *
You feel very sick. The goblin hits you but does no damage.
You are more poisoned.
Throw: 5 boomerangs (disperse)
Press: ? - help, Q - select action, (/) - cycle Shift-Dir - straight line, f/p - goblin
Aim: a goblin, wielding a +0 dagger of venom (51% to hit)
You throw a boomerang of dispersal.
The boomerang of dispersal hits the goblin.
The goblin blinks!
The goblin is moderately wounded.
You die...

##.# #. #.##..#
..## # #. #.##.##
.## .##.##....#
.# ..........##
## #.....#..# #
####........#####
.................
####[#.####.####
#.#@# .#
#.#ยง####.#
#........#
##...####..
#g....# #.......#
#.........#
+........)+
#.........#


You could see a goblin.

Vanquished Creatures
  2 ball pythons (D:1)
  An endoplasm (D:1)
  A giant cockroach (D:1)
  A goblin (D:1)
  4 hobgoblins (D:1)
  3 bats (D:1)
  A rat (D:1)
13 creatures vanquished.

Notes
Turn   | Place    | Note
-------+----------+-------------------------------------------
     0 | D:1      | frimble the Gnoll Warper began the quest for the Orb.
     0 | D:1      | Reached XP level 1. HP: 20/20 MP: 6/6
   345 | D:1      | Reached XP level 2. HP: 25/26 MP: 7/7
   358 | D:1      | Learned a level 2 spell: Blink
   513 | D:1      | Succumbed to a goblin's poison

Illustrated notes

Levels and vault maps discovered:
D:1:      saegor_arrival_simple_e, layout_loops_corners,
          dreamdust_ecumenical_altar_sealed_demon

Action                   || total
-------------------------++-------
Melee: Unarmed           ||    36
       Punch             ||     1
       Bite              ||     3
Throw: Boomerang         ||     3
Armor: Leather armour    ||    13
Dodge: Dodged            ||    27

Table legend: (Time is in decaauts)
 A = Elapsed time spent in this place.
 B = Non-inter-level travel time spent in this place.
 C = Inter-level travel time spent in this place.
 D = Time resting spent in this place.
 E = Time spent auto-exploring this place.
 F = Levels seen in this place.
 G = Mean time per level.
                   A        B        C        D        E       F      G
               +--------+--------+--------+--------+--------+-----+--------+
         Total |    510 |    510 |      0 |      0 |    418 |   1 |  510.0 |
       Dungeon |    510 |    510 |      0 |      0 |    418 |   1 |  510.0 |
               +--------+--------+--------+--------+--------+-----+--------+

Top non-repeatable levels by time:
     D:1: 510 daAuts
